 Dungeon Crawl Stone Soup version 0.31-a0-986-g5e6e4ef867 (webtiles) character file.

Game seed: 2473618611684188801

3549 horus123 the Thaumaturge (level 9, -5/51 HPs)
             Began as a Deep Elf Conjurer on Nov 15, 2023.
             Was a High Priest of Kikubaaqudgha.
             Killed by divine providence
             ... invoked by an orc priest
              (9 damage)
             ... on level 7 of the Dungeon on Nov 16, 2023.
             The game lasted 00:26:36 (6918 turns).

horus123 the Thaumaturge (Deep Elf Conjurer)        Turns: 6918, Time: 00:26:37

Health: -5/51      AC:  7    Str:  6    XL:     9   Next: 83%
Magic:  19/34      EV: 12    Int: 29    God:    Kikubaaqudgha [*****.]
Gold:   313        SH:  0    Dex: 13    Spells: 2/28 levels left

rFire   . . .        H - +0 falchion
rCold   . . .        (no shield)
rNeg    . . .        g - +2 robe {Will+}
rPois   .            y - +0 helmet
rElec   +            r - +0 cloak
rCorr   .            f - +0 pair of gloves
SInv    .            (no boots)
Will    ++...        e - amulet of faith
Stlth   ++           E - ring of magical power
HPRegen 0.28/turn    j - ring "Tooxuq" {Wiz rElec Will+ Int+3}
MPRegen 0.24/turn

%: faith, wizardry (x1)
@: no status effects
A: no striking features
a: Renounce Religion, Unearth Wretches, Torment


You were on level 7 of the Dungeon.
You worshipped Kikubaaqudgha.
Kikubaaqudgha was extremely pleased with you.
You visited 1 branch of the dungeon, and saw 7 of its levels.

You collected 313 gold pieces.

Inventory:

Hand Weapons
 H - a +0 falchion (weapon)
Missiles
 k - a throwing net
Armour
 a - a +0 robe
 f - a +0 pair of gloves (worn)
 g - a +2 robe of willpower (worn)
 o - a +3 leather armour of positive energy
 r - a +0 cloak (worn)
 y - a +0 helmet (worn)
 D - an orb of mayhem
 F - the +0 toga "Victory" {*Victory Clar}
   (You found it on level 6 of the Dungeon)

   *Victory:  When the wearer kills a threatening monster, it has a chance to
   gain +1 AC, +1 Slay, and +1 Int, capping at +7.
   When the wearer uses a scroll or a potion with a hostile monster in sight,
   its bonuses reset to +0.
   Unequipping it also resets its bonuses to +0.
   Clar:      It protects you from confusion, rage, mesmerisation and fear.
Jewellery
 d - a +5 ring of evasion
 e - an amulet of faith (around neck)
 j - the ring "Tooxuq" (right hand) {Wiz rElec Will+ Int+3}
   (You acquired it on level 5 of the Dungeon)

   [ring of wizardry]

   Wiz:       It improves your spell success rate.
   Int+3:     It affects your intelligence (+3).
   rElec:     It insulates you from electricity.
   Will+:     It increases your willpower.
 s - a ring of fire
 E - a ring of magical power (left hand)
Wands
 i - a wand of iceblast (12)
 A - a wand of flame (19)
Scrolls
 l - a scroll of teleportation
 m - a scroll of brand weapon
 q - a scroll of torment
 t - 2 scrolls of fear
 u - a scroll of immolation {unknown}
 w - a scroll of enchant weapon {unknown}
 x - 2 scrolls of amnesia {unknown}
 G - a scroll of blinking
Potions
 b - a potion of magic
 c - 2 potions of cancellation {unknown}
 h - a potion of curing {unknown}
 n - 2 potions of enlightenment {unknown}
 p - a potion of attraction {unknown}
 v - a potion of degeneration {unknown}
 z - 2 potions of mutation {unknown}
 B - 3 potions of lignification {unknown}
 C - a potion of ambrosia {unknown}


   Skills:
 + Level 3.2 Fighting
 - Level 2.4 Dodging
 - Level 2.4 Stealth
 - Level 10.0 Spellcasting
 - Level 6.0 Conjurations
 - Level 8.0 Necromancy
 - Level 5.0 Translocations
 - Level 7.3 Earth Magic


You had 2 spell levels left.
You knew the following spells:

 Your Spells              Type           Power      Damage    Failure   Level
a - Magic Dart            Conj           100%       1d8       1%          1
b - Searing Ray           Conj           98%        2d8       1%          2
c - Kiss of Death         Conj/Necr      100%       2d13      1%          1
d - Necrotise             Necr           100%       1d9       1%          1
e - Cigotuvi's Dreadful   Necr/Pois/Air  60%        N/A       1%          2
f - Iskenderun's Mystic   Conj/Tloc      46%        2d10      1%          4
g - Gell's Gravitas       Tloc           43%        N/A       1%          3
h - Teleport Other        Tloc           43%        N/A       1%          3
i - Borgnjor's Vile Clut  Necr/Erth      28%        N/A       1%          5
j - Animate Dead          Necr           57%        N/A       1%          4

Your spell library contained the following spells:

 Spells                   Type           Power      Damage    Failure   Level
 Call Imp                 Summ           28%        N/A       2%          2
 Dazzling Flash           Conj/Hex       62%        N/A       1%          3
 Mephitic Cloud           Conj/Pois/Air  26%        N/A       1%          3
 Dispel Undead            Necr           57%        3d20      1%          4
 Fulminant Prism          Conj/Hex       15%        3d10      4%          4
 Death Channel            Necr           28%        N/A       9%          6
 Dispersal                Tloc           21%        N/A       28%         6
 Simulacrum               Ice/Necr       18%        N/A       38%         6


Dungeon Overview and Level Annotations

Branches:
Dungeon (7/15)             Temple (0/1) D:5

Altars:
Cheibriados
Kikubaaqudgha
Qazlal
Ru
Wu Jian
Xom

Shops:
D:1 =   D:3 *:*


Message History

Your ice beast zombie hits the steam dragon but does no damage.
Casting: Searing Ray (safe; 1% risk of failure)
Confirm with . or Enter, or press ? or * to list all spells.
Restarting spell: Searing Ray (safe; 1% risk of failure)
Press: ? - help, Shift-Dir - straight line, f/p - steam dragon
Aim: a steam dragon (almost dead, not watching you, constricted by zombie hands, ally target, 100% to hit)
The searing ray hits the steam dragon but does no damage.
The steam dragon is almost dead. (Press . to maintain the ray.)
The orc wizard shouts!
The zombie hands constrict the steam dragon!
You kill the steam dragon!
Kikubaaqudgha accepts your kill.
An orc comes into view. It is wielding a +0 flail.
An orc comes into view. It is wielding a +0 club.
Your Fighting skill increases to level 3!
The orc priest mumbles some strange prayers to Beogh against you.
Beogh smites you!
* * * LOW HITPOINT WARNING * * *
Okay, then.
Casting: Searing Ray (safe; 1% risk of failure)
Confirm with . or Enter, or press ? or * to list all spells.
Aiming: Gell's Gravitas (safe; 1% risk of failure)
Press: ? - help, Dir - move target, f - orc priest
Aim: an orc priest, wielding a +0 club and wearing a +0 leather armour (ally target) Gravity reorients around the orc priest.
The orc wizard collides with the orc priest!
The orc priest is moderately wounded.
The orc wizard is heavily wounded.
The orc collides with the orc priest!
The orc priest is severely wounded.
You kill the orc!
Kikubaaqudgha accepts your kill.
The orc collides with the orc priest!
The orc priest is almost dead.
The orc is almost dead.
The orc barely misses your orc zombie.
The orc priest mumbles some strange prayers to Beogh against you.
Beogh smites you!
You die...
Kikubaaqudgha rasps: "You have failed me!
Welcome... death!"

#### #<..#.
##.......
########........
#.$..........)..
#.......$...Zo..
#.....@.†Z..oo..
#........Z...#.
#..........###
######...###
#...##.#
#...##.########..#
#.................
#........ZZ###
#.....#..#Z####


You could see an orc priest (ally target), an orc wizard (ally target), an orc,
a friendly ice beast zombie and 2 friendly orc zombies.

Vanquished Creatures
  Pikel (D:6)
  Jeremiah (D:6)
  Sigmund (D:6)
  Eustachio (D:5)
  A steam dragon (D:7)
  2 water moccasins (D:6)
  2 ice beasts
  3 orc warriors (D:6)
  5 ogres (D:5)
  2 lemures (D:6)
  5 phantoms
  Blork the orc (D:4)
  2 scorpions
  A howler monkey (D:5)
  3 hounds (D:6)
  3 jellies
  A gnoll bouda (D:6)
  An iguana (D:5)
  Natasha (twice) (D:2)
  2 orc wizards (D:6)
  20 gnolls
  4 adders
  A white imp (D:6)
  2 ufetubi (D:6)
  5 worms
  3 dart slugs
  16 orcs
  11 endoplasms
  3 giant cockroaches
  7 goblins
  6 hobgoblins
  2 jackals (D:5)
  3 quokkas
  5 ball pythons
  9 bats
  4 frilled lizards
  5 kobolds
  8 rats
154 creatures vanquished.

Vanquished Creatures (others)
  3 orc zombies (D:7)
3 creatures vanquished.

Grand Total: 157 creatures vanquished

Notes
Turn   | Place    | Note
-------+----------+-------------------------------------------
     0 | D:1      | horus123 the Deep Elf Conjurer began the quest for the Orb.
     0 | D:1      | Reached XP level 1. HP: 10/10 MP: 6/6
   227 | D:1      | Reached skill level 4 in Spellcasting
   227 | D:1      | Reached XP level 2. HP: 15/15 MP: 2/9
   230 | D:1      | Learned a level 2 spell: Searing Ray
   348 | D:1      | Found a faded altar of an unknown god.
   381 | D:1      | Prayed at the altar of an unknown god.
   381 | D:1      | Became a worshipper of Kikubaaqudgha
   381 | D:1      | Reached * piety under Kikubaaqudgha
   381 | D:1      | Received a gift from Kikubaaqudgha
   384 | D:1      | Learned a level 1 spell: Kiss of Death
   386 | D:1      | Learned a level 1 spell: Necrotise
   389 | D:1      | Learned a level 2 spell: Cigotuvi's Dreadful Rot
   488 | D:1      | Reached skill level 1 in Necromancy
   527 | D:1      | Found Tororyw's Jewellery Boutique.
   786 | D:1      | Reached XP level 3. HP: 19/19 MP: 7/10
  1202 | D:2      | Reached ** piety under Kikubaaqudgha
  1276 | D:2      | Noticed Natasha
  1283 | D:2      | Killed Natasha
  1284 | D:2      | Reached XP level 4. HP: 15/24 MP: 3/12
  1463 | D:2      | Learned a level 4 spell: Iskenderun's Mystic Blast
  1697 | D:2      | Noticed Natasha
  1701 | D:2      | Killed Natasha
  1702 | D:2      | Reached XP level 5. HP: 28/28 MP: 8/13
  1708 | D:2      | Reached skill level 5 in Necromancy
  2118 | D:3      | Found Lompui's Assorted Antiques.
  2254 | D:3      | Reached skill level 5 in Spellcasting
  2255 | D:3      | Reached *** piety under Kikubaaqudgha
  2255 | D:3      | Received a gift from Kikubaaqudgha
  2307 | D:3      | Found Kyweic's General Store.
  2333 | D:3      | Found Quliell's Book Shop.
  2594 | D:3      | Reached skill level 5 in Conjurations
  2923 | D:3      | Found a snail-covered altar of Cheibriados.
  2923 | D:3      | Found a shimmering altar of Xom.
  3126 | D:4      | Reached XP level 6. HP: 32/32 MP: 5/15
  3219 | D:4      | Noticed Blork the orc
  3225 | D:4      | Killed Blork the orc
  3717 | D:5      | Entered Level 5 of the Dungeon
  3722 | D:5      | Reached skill level 6 in Spellcasting
  3723 | D:5      | Reached XP level 7. HP: 36/36 MP: 10/19
  3786 | D:5      | Learned a level 3 spell: Gell's Gravitas
  3790 | D:5      | Learned a level 3 spell: Teleport Other
  3859 | D:5      | Reached skill level 7 in Spellcasting
  4090 | D:5      | Found a staircase to the Ecumenical Temple.
  4155 | D:5      | Reached skill level 8 in Spellcasting
  4195 | D:5      | Found a sacrificial altar of Ru.
  4212 | D:5      | Found an ornate altar of the Wu Jian Council.
  4225 | D:5      | Learned a level 5 spell: Borgnjor's Vile Clutch
  4301 | D:5      | Reached **** piety under Kikubaaqudgha
  4474 | D:5      | Reached skill level 9 in Spellcasting
  4564 | D:5      | Reached skill level 10 in Spellcasting
  4564 | D:5      | Reached XP level 8. HP: 41/41 MP: 8/24
  4744 | D:5      | Identified a scroll of acquirement
  4747 | D:5      | Acquired the ring "Tooxuq" {Wiz rElec Will+ Int+3}
  4873 | D:5      | Noticed Eustachio
  4900 | D:5      | Killed Eustachio
  5043 | D:5      | Reached skill level 1 in Earth Magic
  5403 | D:6      | Noticed Sigmund
  5412 | D:6      | Killed Sigmund
  5438 | D:6      | Noticed Pikel
  5451 | D:6      | Reached skill level 5 in Earth Magic
  5451 | D:6      | Reached XP level 9. HP: 25/40 MP: 11/25
  5458 | D:6      | Killed Pikel
  5621 | D:6      | Learned a level 4 spell: Animate Dead
  5691 | D:6      | Reached skill level 1 in Translocations
  5829 | D:6      | Found a stormy altar of Qazlal.
  5830 | D:6      | Noticed Jeremiah
  5871 | D:6      | Killed Jeremiah
  6111 | D:6      | Reached skill level 5 in Translocations
  6111 | D:6      | Found the +0 toga "Victory" {*Victory Clar}
  6347 | D:6      | Reached skill level 1 in Fighting
  6810 | D:7      | Reached ***** piety under Kikubaaqudgha
  6918 | D:7      | Killed from afar by an orc priest

Illustrated notes

Levels and vault maps discovered:
D:1:      ncdulo_watergridlock, layout_loops_ring, ebering_ecumenical_altar_box,
          serial_shops, shop, minmay_heptomino_o4
D:2:      layout_basic, minmay_misc_feat_chi, uniq_natasha
D:3:      layout_loops_ring, gammafunk_temple_overflow_pools, serial_shops,
          shop, shop, nicolae_book_shop_shelving
D:4:      layout_rooms, solitary_fountain, uniq_blork_the_orc
D:5:      layout_cave_pods, mainiacjoe_overflow_chevrons,
          nzn_wu_jian_council_hall, temple_doors_ab, uniq_eustachio
D:6:      layout_basic, grunt_qazlal_sundering, uniq_jeremiah, uniq_sigmund,
          uniq_pikel
D:7:      nicolae_whirlpool, layout_rooms

Skill      XL: |  1  2  3  4  5  6  7  8  9 |
---------------+----------------------------+-----
Spellcasting   | 4 5 6 10 | 10.0
Necromancy     | 1 3 4 5 8 |  8.0
Conjurations   | 5 6 |  6.0
Earth Magic    | 5 7 |  7.3
Translocations | 5 |  5.0
Fighting       | 3 |  3.2
Dodging        | |  2.4
Stealth        | |  2.4

Action                     |  1- 3 |  4- 6 |  7- 9 || total
---------------------------+-------+-------+-------++-------
   Cast: Magic Dart        |    68 |    99 |    93 ||   260
         Searing Ray       |     1 |    11 |    41 ||    53
         Iskenderun's Myst |       |       |     9 ||     9
         Necrotise         |       |       |     5 ||     5
         Borgnjor's Vile C |       |       |     4 ||     4
         Cigotuvi's Dreadf |       |       |     2 ||     2
         Kiss of Death     |       |       |     1 ||     1
         Gell's Gravitas   |       |       |     7 ||     7
         Teleport Other    |       |       |     1 ||     1
         Animate Dead      |       |       |     1 ||     1
    Use: Scroll            |       |       |     8 ||     8
         Potion            |       |       |     1 ||     1
 Armour: Robe              |     4 |     4 |    23 ||    31
         Leather armour    |       |       |     7 ||     7
         Skin              |       |       |     2 ||     2
  Dodge: Dodged            |     4 |    10 |    50 ||    64

Table legend: (Time is in decaauts)
 A = Elapsed time spent in this place.
 B = Non-inter-level travel time spent in this place.
 C = Inter-level travel time spent in this place.
 D = Time resting spent in this place.
 E = Time spent auto-exploring this place.
 F = Levels seen in this place.
 G = Mean time per level.
                   A        B        C        D        E       F      G
               +--------+--------+--------+--------+--------+-----+--------+
         Total |   6915 |   6751 |    164 |    634 |   5097 |   7 |  987.9 |
       Dungeon |   6915 |   6751 |    164 |    634 |   5097 |   7 |  987.9 |
               +--------+--------+--------+--------+--------+-----+--------+

Top non-repeatable levels by time:
     D:5: 1707 daAuts
     D:6: 1375 daAuts
     D:1: 1211 daAuts
     D:3: 1097 daAuts
     D:2: 769 daAuts
     D:4: 637 daAuts
     D:7: 116 daAuts
